 Dungeon Crawl Stone Soup version 0.30-a0-165-g1891117ce2 (webtiles) character file.

Game seed: 6961828263137880746

2093 night the Skirmisher (level 9, -6/55 HPs)
             Began as a Tengu Hunter on Sept 28, 2022.
             Was an Elder of Fedhas.
             Killed from afar by Maggie (21 damage)
             ... with a bolt of fire
             ... on level 7 of the Dungeon.
             The game lasted 00:13:47 (6643 turns).

night the Skirmisher (Tengu Hunter)                 Turns: 6643, Time: 00:13:48

Health: -6/55      AC:  7    Str: 11    XL:     9   Next: 27%
Magic:  21/21      EV: 18    Int: 11    God:    Fedhas [****..]
Gold:   225        SH:  5    Dex: 21    Spells: 8/8 levels left

rFire   . . .      SeeInvis .    a - +1 shortbow (flame)
rCold   . . .      Faith    .    (shield currently unavailable)
rNeg    . . .      Spirit   .    c - +0 leather armour
rPois   +          Reflect  +    (helmet restricted)
rElec   .          Harm     .    s - +2 cloak {rCorr}
rCorr   +          Rampage  .    x - +0 pair of gloves
Will    .....                    (boots unavailable)
Stlth   ++........               e - amulet of reflection
HPRegen 0.18/turn                u - ring of magical power
MPRegen 0.17/turn                I - ring of poison resistance

@: flying quickly and evasively, mesmerised, quick
A: beak, talons 3, nimble flight
a: Renounce Religion, Wall of Briars, Grow Ballistomycete, Overgrow


You were on level 7 of the Dungeon.
You worshipped Fedhas.
Fedhas was greatly pleased with you.
You visited 1 branch of the dungeon, and saw 7 of its levels.
You also visited: Ossuary.

You collected 571 gold pieces.
You spent 346 gold pieces at shops.

Inventory:

Hand Weapons
 a - a +1 shortbow of flaming (weapon)
Missiles
 d - 52 stones
 n - 6 poisoned darts
 H - 5 boomerangs
Armour
 c - a +0 leather armour (worn)
 s - a +2 cloak of preservation (worn)
 x - a +0 pair of gloves (worn)
Jewellery
 e - an amulet of reflection (around neck)
 u - a ring of magical power (left hand)
 B - an amulet of guardian spirit
 I - a ring of poison resistance (right hand)
Wands
 p - a wand of acid (20)
 y - a wand of roots (8)
Scrolls
 b - a scroll of immolation
 f - 4 scrolls of blinking
 v - 3 scrolls of enchant armour
 A - 3 scrolls of teleportation
 C - a scroll of amnesia {unknown}
 E - 2 scrolls of identify
 F - a scroll of vulnerability {unknown}
 G - a scroll of fear
Potions
 g - a potion of mutation {unknown}
 h - 2 potions of attraction {unknown}
 i - 4 potions of heal wounds
 j - 3 potions of might
 k - a potion of magic {unknown}
 l - a potion of haste {unknown}
 m - 6 potions of curing
 o - 3 potions of invisibility {unknown}
 q - a potion of resistance {unknown}
 r - 2 potions of cancellation {unknown}
 t - 2 potions of degeneration {unknown}
 w - 2 potions of ambrosia
 z - a potion of brilliance {unknown}
 D - a potion of lignification {unknown}


   Skills:
 + Level 5.8 Fighting
 * Level 9.6 Ranged Weapons
 + Level 6.3 Dodging
 - Level 1.0 Stealth
 + Level 3.9 Invocations


You had 8 spell levels left.
You didn't know any spells.
Your spell library contained the following spells:

 Spells                   Type           Power      Damage    Failure   Level
 Sublimation of Blood     Necr           0%         N/A       56%         2
 Call Canine Familiar     Summ           0%         N/A       80%         3
 Portal Projectile        Hex/Tloc       0%         N/A       80%         3
 Leda's Liquefaction      Hex/Erth       0%         N/A       99%         4
 Petrify                  Tmut/Erth      0%         N/A       99%         4
 Irradiate                Conj/Tmut      0%         3d11      100%        5


Dungeon Overview and Level Annotations

Branches:
Dungeon (7/15)            Ossuary (visited)
 Temple: D:4-7

Altars:
Fedhas

Shops:
D:2 :   D:5 [:!

Annotations:
D:5 Prince Ribbit
D:7 Maggie


Innate Abilities, Weirdness & Mutations

You have a beak for a mouth.
You have claws for feet.
Your magical nature lets you fly swiftly and evasively.


Message History

Maggie struggles to escape constriction.
Aiming: Corrosive Bolt
Press: ? - help, Shift-Dir - straight line, f/p - Maggie
Aim: Maggie, wielding a +0 war axe of flaming, wearing +0 steam dragon scales and carrying a wand of digging (5) (moderately wounded, mesmerising, constricted by roots, 100% to hit)
The bolt of acid hits Maggie!
Maggie is heavily wounded.
The grasping roots constrict Maggie.
The roots release their grip on Maggie.
You shoot an arrow. The arrow hits Maggie.
The arrow burns Maggie.
Maggie is severely wounded.
You shoot an arrow. The arrow closely misses Maggie.
Maggie gestures at you while chanting. The bolt of fire hits you!!
Ouch! That really hurt!
You shoot an arrow. The arrow barely misses Maggie.
Maggie misses you.
Fire: a) +1 shortbow (flame)
Press: ? - help, Q - select action, (/) - cycle Shift-Dir - straight line, f/p - Maggie
Aim: Maggie, wielding a +0 war axe of flaming, wearing +0 steam dragon scales and carrying a wand of digging (5) (severely wounded, mesmerising, 69% to hit)
You shoot an arrow. The arrow hits Maggie!
The arrow burns Maggie.
Maggie is almost dead.
Maggie points at you and mumbles some strange words.
The bolt of fire hits you!
* * * LOW HITPOINT WARNING * * *
Fire: a) +1 shortbow (flame)
Press: ? - help, Q - select action, (/) - cycle Shift-Dir - straight line, f/p - Maggie
Aim: Maggie, wielding a +0 war axe of flaming, wearing +0 steam dragon scales and carrying a wand of digging (5) (almost dead, mesmerising, 69% to hit)
You shoot an arrow.
The arrow hits Maggie but does no damage.
Maggie is almost dead.
Maggie casts a spell.
Maggie draws you further into her thrall.
Fire: a) +1 shortbow (flame)
Press: ? - help, Q - select action, (/) - cycle Shift-Dir - straight line, f/p - Maggie
Aim: Maggie, wielding a +0 war axe of flaming, wearing +0 steam dragon scales and carrying a wand of digging (5) (almost dead, mesmerising, 69% to hit)
You shoot an arrow. The arrow hits Maggie.
The arrow burns Maggie.
Maggie is almost dead.
You block Maggie's attack. Maggie gestures at you while chanting.
The bolt of fire hits you!!
You die...
Fedhas appreciates your contribution to the ecosystem.

....?...... ..#
..........#...#
..........#....#
............##..
.....?..........
...>............
................
.......@........
.......@...######..
...................
.#####.#.##.###...#
#.####.......#
#.#..........#
#.#...........
#.#..#########
#..#........


You could see Maggie (mesmerising).

Vanquished Creatures
  Sigmund (D:5)
  Edmund (D:5)
  A water moccasin (D:6)
  An ice beast (D:4)
  2 ogres
  2 centaurs
  2 scorpions
  A necrophage (D:4)
  2 jellies
  4 hounds
  3 orc priests
  Crazy Yiuf (D:3)
  2 gnoll boudas
  Jessica (D:2)
  Ijyb (D:3)
  4 orc wizards
  5 iguanas
  8 mummies (Ossuary)
  Robin (D:2)
  13 gnolls
  4 adders
  A white imp (D:6)
  2 worms
  2 dart slugs (D:1)
  10 orcs
  4 endoplasms
  6 giant cockroaches
  2 gnoll zombies (Ossuary)
  13 goblins
  8 hobgoblins
  10 jackals
  7 kobolds
  7 quokkas
  8 ball pythons
  5 bats
  3 frilled lizards
  A hobgoblin zombie (Ossuary)
  2 kobold zombies (Ossuary)
  3 orc zombies (Ossuary)
  4 rats
158 creatures vanquished.

Vanquished Creatures (collateral kills)
  An ogre (D:5)
  2 orcs (D:3)
3 creatures vanquished.

Grand Total: 161 creatures vanquished

Notes
Turn   | Place    | Note
-------+----------+-------------------------------------------
     0 | D:1      | night the Tengu Hunter began the quest for the Orb.
     0 | D:1      | Reached XP level 1. HP: 12/12 MP: 2/2
    72 | D:1      | Reached XP level 2. HP: 17/17 MP: 3/3
    99 | D:1      | Reached XP level 3. HP: 7/22 MP: 4/4
   344 | D:1      | Reached skill level 5 in Ranged Weapons
   437 | D:1      | Found a faded altar of an unknown god.
   443 | D:1      | Prayed at the altar of an unknown god.
   443 | D:1      | Became a worshipper of Fedhas Madash
   443 | D:1      | Reached * piety under Fedhas
   685 | D:2      | Found Foaroch's Book Shoppe.
   715 | D:2      | HP: 2/22 [adder (2)]
   722 | D:2      | Reached XP level 4. HP: 11/27 MP: 5/5
   972 | D:2      | Noticed Jessica
   992 | D:2      | Killed Jessica
  1238 | D:2      | Noticed Robin
  1265 | D:2      | Killed Robin
  1427 | D:2      | Reached ** piety under Fedhas
  1577 | D:2      | Gained mutation: Your magical nature lets you fly swiftly
                  | and evasively. [Tengu growth]
  1577 | D:2      | Reached XP level 5. HP: 32/32 MP: 6/6
  1811 | D:3      | Noticed Ijyb
  1830 | D:3      | Killed Ijyb
  1896 | D:3      | Reached skill level 6 in Ranged Weapons
  1906 | D:3      | Reached XP level 6. HP: 24/37 MP: 7/7
  2230 | D:3      | Found a runed translucent door.
  2231 | D:3      | Noticed Crazy Yiuf
  2243 | D:3      | Killed Crazy Yiuf
  2904 | D:4      | You are sucked into a shaft and drop 1 floor!
  2904 | D:5      | Entered Level 5 of the Dungeon
  2989 | D:5      | Found a sand-covered staircase.
  2994 | Ossuary  | Entered an ossuary
  3013 | Ossuary  | Reached skill level 1 in Invocations
  3017 | Ossuary  | Reached XP level 7. HP: 42/42 MP: 8/8
  3041 | Ossuary  | Reached *** piety under Fedhas
  3095 | Ossuary  | Reached skill level 7 in Ranged Weapons
  3313 | D:5      | Found Tujifai's Distillery.
  3320 | D:5      | Bought a potion of ambrosia for 80 gold pieces
  3320 | D:5      | Bought a potion of curing for 30 gold pieces
  3629 | D:4      | Reached skill level 2 in Invocations
  4705 | D:5      | Noticed Edmund
  4708 | D:5      | Reached XP level 8. HP: 36/48 MP: 10/10
  4724 | D:5      | Reached skill level 5 in Dodging
  4737 | D:5      | Reached skill level 8 in Ranged Weapons
  4738 | D:5      | Killed Edmund
  5030 | D:5      | Noticed Sigmund
  5042 | D:5      | Reached skill level 5 in Fighting
  5044 | D:5      | Killed Sigmund
  5181 | D:5      | Reached **** piety under Fedhas
  5255 | D:5      | Found Gotwyesy's Book Boutique.
  5270 | D:5      | Noticed Prince Ribbit
  5279 | D:5      | HP: 2/49 [Prince Ribbit (12)]
  5587 | D:5      | Found Pucotuga's Armour Shoppe.
  5595 | D:5      | Bought a +2 cloak of preservation for 236 gold pieces
  5685 | D:6      | Reached skill level 9 in Ranged Weapons
  5757 | D:6      | Reached XP level 9. HP: 54/54 MP: 12/12
  6630 | D:7      | Noticed Maggie
  6643 | D:7      | Killed from afar by Maggie

Illustrated notes

Levels and vault maps discovered:
D:1:      spicycebolla_green_bress_n_ham_2, layout_rooms,
          basic_ecumenical_altar, serial_park_tiny_pond
D:2:      layout_loops_ring, serial_shops, shop, uniq_robin, uniq_jessica
D:3:      layout_rooms, minmay_misc_feat_doors, moated_statue,
          uniq_crazy_yiuf_cottage, uniq_ijyb
D:4:      layout_layer_cave, hex_medium
D:5:      layout_loops_ring, serial_shops, nicolae_shop_crystal,
          nicolae_stop_n_shop_1, shop, enter_ossuary_2, uniq_edmund,
          uniq_prince_ribbit1, uniq_sigmund
D:6:      layout_loops_cross, chequers_decorated_corner, chequers_mini_garden
D:7:      minmay_bubble_buster, layout_basic, nicolae_overflow_hidden_temple,
          minmay_temple_entry_glassed_door, minmay_misc_feat_cross,
          grunt_decor_arrowhead, corner_web_ring, minivault_25, minivault_19,
          uniq_maggie, uniq_menkaure

Skill      XL: |  1  2  3  4  5  6  7  8  9 |
---------------+----------------------------+-----
Ranged Weapons | 5 6 7 9 |  9.6
Dodging        | 3 4 5 6 |  6.3
Fighting       | 3 4 5 |  5.8
Invocations    | 1 2 3 |  3.9
Stealth        | |  1.0

Action                   |  1- 3 |  4- 6 |  7- 9 || total
-------------------------+-------+-------+-------++-------
 Fire: Shortbow          |    83 |   126 |   284 ||   493
Invok: Wall of Briars    |       |     2 |     1 ||     3
       Grow Ballistomyce |       |       |     1 ||     1
Evoke: Wand              |       |     2 |     4 ||     6
  Use: Potion            |     1 |       |       ||     1
       Scroll            |       |     7 |     4 ||    11
Armor: Leather armour    |     8 |    11 |    13 ||    32
Dodge: Dodged            |    28 |    24 |    76 ||   128
Block: Other             |       |       |    11 ||    11
       Reflection        |       |       |     1 ||     1

Table legend: (Time is in decaauts)
 A = Elapsed time spent in this place.
 B = Non-inter-level travel time spent in this place.
 C = Inter-level travel time spent in this place.
 D = Time resting spent in this place.
 E = Time spent auto-exploring this place.
 F = Levels seen in this place.
 G = Mean time per level.
                   A        B        C        D        E       F      G
               +--------+--------+--------+--------+--------+-----+--------+
         Total |   6407 |   6102 |    305 |    795 |   4351 |   8 |  800.9 |
       Dungeon |   6174 |   5869 |    305 |    795 |   4208 |   7 |  882.0 |
       Ossuary |    232 |    232 |      0 |      0 |    142 |   1 |  232.0 |
               +--------+--------+--------+--------+--------+-----+--------+

Top non-repeatable levels by time:
     D:5: 1349 daAuts
     D:4: 1222 daAuts
     D:2: 1082 daAuts
     D:3: 992 daAuts
     D:6: 769 daAuts
     D:1: 652 daAuts
 Ossuary: 232 daAuts
     D:7: 106 daAuts
